Fleur, neutral female scurrid Tourist ----- -------------- #-...-######........}....| ###|..<|# |......}}....| --------- # |...|##@ +......}...}..#####........| ------------ ### |...|# |.......}.}}}|# # |.......| |........... # |..(.# |......}>}..}| ........| |..........| ### -----# --.----------- |.......| |..........| # # -----|--- |...........##### # # |..........| # # # ------------ # # # # # ## ################# # #* # ---------|---- -.--.-.---- #* ###|............| |.........| # #-............| |.........| # |............| |.........| ## -------------- |.*.......| # ----------- Fleur the Rambler Experience level: 1 Strength: 12 Dexterity: 12 Constitution: 14 Intelligence: 9 Wisdom: 10 Charisma: 16 Health: 7(9) Energy: 3(3) Def: 3 Gold: 1040 Moves: 168 Dungeon seed: voaHGBDMeWr-FBoG Game ID: Fleur_1525109648 Your Inventory: Coins $ - 1040 gold pieces Weapons a - 41 +2 darts (in quiver) Armor e - an uncursed +0 Hawaiian shirt (being worn) y - a blessed +2 gray dragon scale mail z - a blessed fireproof +2 pair of speed boots (being worn) Comestibles b - 4 uncursed food rations c - an uncursed tin of spinach d - 2 uncursed cloves of garlic f - an uncursed cream pie g - 2 uncursed eggs h - an uncursed chestnut i - 2 uncursed cram rations Scrolls k - 4 uncursed scrolls of magic mapping Potions j - 2 uncursed potions of extra healing p - a cursed potion of speed Rings s - an uncursed ring of protection from shape changers Wands n - a wand of secret door detection (0:12) t - a wand of wishing (4:0) Tools l - an uncursed oil lamp (0:1273) m - an expensive camera (0:88) o - an uncursed credit card Gems q - 2 uncursed worthless pieces of yellow glass r - an uncursed fluorite Spells and supernatural/magical abilities: Name Level Category Fail Memory W - pray for help -- divine ? -- Your skills at the end: Miscellaneous Skills wands [Basic] Weapon Skills dart [Basic] Spellcasting Skills Final Attributes: You were devoutly aligned. You had infravision. You were very stealthy. You were very fast. You were lucky. You survived. Vanquished creatures: a kitten a newt 2 grid bugs 4 creatures vanquished. Voluntary challenges: You did not cause conflict. You were not invisible. You did not have reflection. You were not displaced. You were an atheist. You never hit with a wielded weapon. You did not apply a unicorn horn. You did not use plumbed fixtures. You did not drink any magical draughts. You were illiterate. You never genocided any monsters. You never polymorphed an object. You never changed form. You used 2 wishes, starting on turn 85. You did not wish for any artifacts. You never split a pudding. You never wrote Elbereth's name. You never violated your personal moral code. Dungeon overview: The Dungeons of Doom: levels 1 to 2 Level 1 <- You were here a long staircase Level 2 History has recorded: On T:1 you entered the Dungeons of Doom to retrieve the Amulet of Yendor! On T:82 you reached level 2 of The Dungeons of Doom. On T:85 you wished for "blessed fireproof +2 grey dragon scalemail". On T:86 you wished for "blessed fireproof +2 boots of speed". Score breakdown: Gold: 62 ( 6 points) Experience: 1 level ( 0 points) Exploration: 2 levels ( 30 points) Discoveries: 2 items ( 100 points) Variety of kills: 3 monsters ( 150 points) Major goal: (nothing yet) ( 0 points) Survival: quit (score multiplied by 3) Total score: 858 Latest messages: The dart misses the newt. You kill the newt! You kill the grid bug! a - a +2 dart (in quiver). a - 2 +2 darts (in quiver). You see here a newt corpse. a - a +2 dart (in quiver). You see here a newt corpse. (2x) This newt corpse tastes terrible! You finish eating the newt corpse. You feel a mild buzz. $ - 7 gold pieces. The door opens. You start chewing a hole in the rock. You continue digging. You continue chewing on the rock. You succeed in cutting away some rock. You start chewing a hole in the rock. You continue digging. You continue chewing on the rock. You succeed in cutting away some rock. You start chewing a hole in the rock. Never mind. Final status: Aloha Fleur the Tourist, quit... You quit in The Dungeons of Doom on dungeon level 1 with 858 points, and 1040 pieces of gold, after 168 moves. You were level 1 with a maximum of 9 hit points when you quit.